 Dungeon Crawl Stone Soup version 0.31-a0-963-ga325b2283a (webtiles) character file.

Game seed: 9177814104148603686

108 Situis the Trooper (level 4, -8/29 HPs)
             Began as a Gargoyle Chaos Knight on Oct 24, 2023.
             Was a Plaything of Xom.
             Mangled by a hellwing (9 damage)
             ... summoned by Xom
             ... on level 2 of the Dungeon.
             The game lasted 00:06:06 (881 turns).

Situis the Trooper (Gargoyle Chaos Knight)           Turns: 881, Time: 00:06:06

Health: -8/29      AC: 10    Str: 17    XL:     4   Next: 87%
Magic:  4/4        EV: 11    Int: 13    God:    Xom [......]
Gold:   60         SH:  0    Dex:  9    Spells: 3/3 levels left

rFire   . . .        a - +0 mace (chaos)
rCold   . . .        (no shield)
rNeg    + . .        b - +3 leather armour
rPois   ∞            (no helmet)
rElec   +            (no cloak)
rCorr   .            (no gloves)
SInv    .            (no boots)
Will    .....        (no amulet)
Stlth   +            (no ring)
HPRegen 0.24/turn    (no ring)
MPRegen 0.09/turn

%: no passive effects
@: no status effects
A: sickness immunity, AC +3, negative energy resistance 1, electricity
resistance, torment resistance 1, petrification resistance
a: Renounce Religion


You were on level 2 of the Dungeon.
You worshipped Xom.
You were a very special plaything of Xom.
You visited 1 branch of the dungeon, and saw 2 of its levels.

You collected 60 gold pieces.

Inventory:

Hand Weapons
 a - a +0 mace of chaos (weapon)
Armour
 b - a +3 leather armour (worn)
Magical Staves
 h - a staff of conjuration
Wands
 j - a wand of paralysis (4)
Scrolls
 c - a scroll of butterflies
 e - a scroll of enchant armour
 f - a scroll of amnesia {unknown}
 g - a scroll of identify {unknown}
Potions
 d - a potion of ambrosia {unknown}
 i - 2 potions of mutation {unknown}
 k - a potion of invisibility {unknown}


   Skills:
 + Level 4.1 Fighting
 + Level 4.0 Maces & Flails
 + Level 3.4 Armour
 + Level 1.0 Dodging
 + Level 0.1 Stealth


You had 3 spell levels left.
You didn't know any spells.
Your spell library was empty.

Dungeon Overview and Level Annotations

Branches:
Dungeon (2/15)

Altars:


Innate Abilities, Weirdness & Mutations

You are immune to sickness and miasma.
Your stone body is resilient. (AC +3)
You are immune to poison.
You resist negative energy. (rN+)
You are resistant to electric shocks. (rElec)
You are resistant to unholy torment.
You are immune to petrification.


Message History

You now have 60 gold pieces (gained 17).
You open the door.
There is an open door here. "Whee!"
Your surroundings suddenly seem different.
You are now a very special plaything of Xom.
You see here 4 stones.
Things that are here:
an adder corpse; a frilled lizard corpse
There is an open door here.
You see here a ball python corpse.
There is an open door here.
Found a golden potion.
k - a golden potion
Found a stone staircase leading up.
There is a stone staircase leading up here.
There is a stone staircase leading up here. "Let's see if it's strong enough to survive yet."
You hit the shadow imp.
The shadow imp is poisoned.
The shadow imp is moderately wounded.
The shadow imp closely misses you. The hellwing closely misses you.
The hellwing misses you.
As you read the scroll labelled ZIKEXALOS, it crumbles to dust.
It is a scroll of enchant armour.
Your +2 leather armour glows green for a moment.
The shadow imp barely misses you.
The hellwing hits you but does no damage. x2
You hit the shadow imp but do no damage.
The shadow imp is almost dead.
You kill the shadow imp!
The shadow imp disappears in a puff of smoke!
The hellwing hits you. x2
The hellwing hits you!
The hellwing hits you but does no damage.
The hellwing attacks as it pursues you!
The hellwing hits you but does no damage.
The hellwing hits you!
* * * LOW HITPOINT WARNING * * *
The hellwing attacks as it pursues you! The hellwing hits you!
You die...

..#####.# #........# ..# #.#
#........# †.#####.#
###.##'### †.......#
#.##.########## ...[....#
##.##..........# ........#
##..###########.####
........###†.## ............#
........'...#####.########.#.#
........#####..4@.##..<....#.#
........# #5######.#.##....#
#...##### #...#....#.##.####
#..># ###.#.####.##.# #####
#...#.# #..^.# #.###.# ######
#.....# #######


You could see a hellwing (summoned) and a crimson imp (summoned).

Vanquished Creatures
  A phantom (D:2)
  An adder (D:2)
  2 ball pythons
  2 endoplasms
  2 giant cockroaches (D:1)
  A hobgoblin (D:1)
  A quokka (D:2)
  A bat (D:1)
  3 kobolds (D:1)
  A rat (D:1)
15 creatures vanquished.

Vanquished Creatures (collateral kills)
  An adder (D:2)
  An endoplasm (D:2)
  A goblin (D:2)
  A frilled lizard (D:2)
4 creatures vanquished.

Grand Total: 19 creatures vanquished

Notes
Turn   | Place    | Note
-------+----------+-------------------------------------------
     0 | D:1      | Situis the Gargoyle Chaos Knight began the quest for the
                  | Orb.
     0 | D:1      | Reached XP level 1. HP: 14/14 MP: 1/1
   140 | D:1      | XOM: divination: detect items
   153 | D:1      | XOM: cloud trail
   167 | D:1      | Reached XP level 2. HP: 19/19 MP: 2/2
   539 | D:2      | Noticed a phantom
   539 | D:2      | XOM: summons friendly white imp
   546 | D:2      | Killed a phantom
   547 | D:2      | Reached skill level 1 in Dodging
   547 | D:2      | Reached XP level 3. HP: 19/24 MP: 3/3
   547 | D:2      | Reached XP level 4. HP: 23/29 MP: 4/4
   695 | D:2      | XOM: 1-stop teleportation journey
   874 | D:2      | XOM: summons 3 hostile demons
   875 | D:2      | Noticed a hellwing
   880 | D:2      | HP: 1/29 [hellwing[Xom] (8)]
   881 | D:2      | Mangled by a hellwing

Illustrated notes

Levels and vault maps discovered:
D:1:      nzn_arrival_crosshair, layout_basic, serial_forest,
          infiniplex_forest_lined_1, infiniplex_forest_straight_3,
          infiniplex_forest_pool, infiniplex_forest_zigzag_1,
          infiniplex_forest_lined_4_way, infiniplex_forest_zigzag_1,
          infiniplex_forest_lined_2, infiniplex_forest_clump_large,
          minmay_tripent
D:2:      layout_basic, hangedman_decor_growths, corexii_leaking_fountain

Skill      XL: |  1  2  3  4 |
---------------+-------------+-----
Maces & Flails | 4 |  4.0
Armour         | 3 |  3.4
Dodging        | 1 |  1.0
Fighting       | 4 |  4.1
Stealth        | |  0.1

Action                     |  1- 3 |  4- 6 || total
---------------------------+-------+-------++-------
  Melee: Mace              |    39 |    11 ||    50
         Punch             |     1 |       ||     1
    Use: Scroll            |       |     1 ||     1
 Armour: Leather armour    |    21 |    16 ||    37
  Dodge: Dodged            |    24 |    20 ||    44

Table legend: (Time is in decaauts)
 A = Elapsed time spent in this place.
 B = Non-inter-level travel time spent in this place.
 C = Inter-level travel time spent in this place.
 D = Time resting spent in this place.
 E = Time spent auto-exploring this place.
 F = Levels seen in this place.
 G = Mean time per level.
                   A        B        C        D        E       F      G
               +--------+--------+--------+--------+--------+-----+--------+
         Total |    893 |    771 |    122 |      0 |      0 |   2 |  446.5 |
       Dungeon |    893 |    771 |    122 |      0 |      0 |   2 |  446.5 |
               +--------+--------+--------+--------+--------+-----+--------+

Top non-repeatable levels by time:
     D:2: 543 daAuts
     D:1: 349 daAuts
